 Dungeon Crawl Stone Soup version 0.32-a0-913-g739538afd8 (webtiles) character file.

Game seed: 4948133936950619751

178 Biggs the Changeling (level 5, 25/25 HPs)
             Began as a Felid Shapeshifter on Apr 9, 2024.
             Quit the game on level 3 of the Dungeon.
             The game lasted 00:04:29 (2305 turns).

Biggs the Changeling (Felid Shapeshifter)           Turns: 2305, Time: 00:04:30

Health: 25/25      AC:  1    Str: 12    XL:     5   Next: 32%
Magic:  6/6        EV: 16    Int: 13    God:
Gold:   123        SH:  0    Dex: 16    Spells: 4/4 levels left
                                        Lives:  0   Deaths: 2

rFire   . .          .
                       - Unarmed
rCold   . . .        (shield unavailable)
rNeg    . . .        (body armour unavailable)
rPois   .            (helmet unavailable)
rElec   .            (cloak unavailable)
rCorr   .            (gloves unavailable)
SInv    +            (boots unavailable)
Will    .....        (no amulet)
Stlth   +            (no ring)
HPRegen 0.24/turn    (no ring)
MPRegen 0.10/turn

%: no passive effects
@: beast-form
A: beast (slay +2), very small, claws 1, fangs 3, see invisible, shaggy fur 1,
stealthy paws, no weapons or thrown items, no armour, multi-lived
a: Begin Untransformation


You were on level 3 of the Dungeon.
You were a hulking beast.
You visited 1 branch of the dungeon, and saw 3 of its levels.

You collected 123 gold pieces.

Inventory:

Talismans
 b - a beast talisman (active)
 c - a flux talisman
Scrolls
 g - 2 scrolls of enchant weapon {unknown}
 h - 2 scrolls of identify {unknown}
 k - 2 scrolls of enchant armour {unknown}
 l - a scroll of fear {unknown}
 m - a scroll of amnesia {unknown}
 n - a scroll of fog {unknown}
 o - 2 scrolls of teleportation {unknown}
 p - a scroll of torment {unknown}
Potions
 a - a potion of lignification
 d - 3 potions of curing {unknown}
 e - a potion of cancellation {unknown}
 f - a potion of experience {unknown}
 i - a potion of degeneration {unknown}
 j - 2 potions of ambrosia {unknown}
 q - a potion of resistance {unknown}


   Skills:
 - Level 1.0 Fighting
 - Level 2.6 Dodging
 - Level 3.0 Unarmed Combat
 + Level 5.2 Shapeshifting


You had 4 spell levels left.
You didn't know any spells.
Your spell library was empty.

Dungeon Overview and Level Annotations

Branches:
Dungeon (3/15)

Altars:
Elyvilon


Innate Abilities, Weirdness & Mutations

You are a hulking beast.
Your limbs bulge with bestial killing power. (Slay +2)
You have sharp claws.
You have razor-sharp teeth.
You have supernaturally acute eyesight. (SInv)
You are covered in fur. (AC +1)
Your paws help you pounce on unaware monsters.
You are incapable of wielding weapons or throwing items.
You cannot wear armour.
You gain extra lives every three experience levels.


Message History

You barely miss the giant cockroach.
The giant cockroach is heavily wounded.
The giant cockroach closely misses you.
You scratch the giant cockroach.
You kill the giant cockroach!
No target in view!
q - a lumpy pink potion Key pressed, stopping explore.
No target in view!
Key pressed, stopping explore.
An orc priest and an orc come into view.
The orc priest shouts!
There are monsters nearby!
There are monsters nearby!
There are monsters nearby!
An orc comes into view. It is wielding a +0 dagger.
The orc priest invokes the aid of Beogh against you.
Pain shoots through your body!
An orc wizard comes into view. It is wielding a +0 dagger.
The orc wizard shouts!
You hear a shout!
The orc priest looks braver for a moment.
An orc priest comes into view. It is wielding a +0 club.
The orc shouts!
You see here a scroll labelled RIVVEI NIUCRIL.
The orc priest begins to cast a cantrip, but forgets the words!
The orc priest casts a cantrip, but nothing happens.
The orc priest calls down the wrath of Beogh upon you.
Beogh smites you!
Ouch! That really hurt!
* * * LOW HITPOINT WARNING * * *
The orc completely misses you.
You completely miss the orc.
The orc priest mumbles some strange prayers to Beogh against you.
Beogh smites you!
Ouch! That really hurt!
You die...
Your shape twists and changes as you die.
The orc completely misses you.
You rejoin the land of the living...
Are you sure you want to abandon this character and quit the game? (Confirm with "yes".)

#......# ..
####...# ## #....#
#.######...##
#....))....#
########..##
######..#####
#...........#
#.####h.###.# #.
#..# #. #..# #.#
#..# ##
#######.####..# .#
..............###.#
.#
.######..†........#
.# .#
#..##.#####...
.###.# #..##.# .


There were no monsters in sight!

Vanquished Creatures
  A bombardier beetle (D:3)
  An orc priest (D:2)
  An orc wizard (D:3)
  3 adders
  2 dart slugs
  2 ribbon worms
  4 orcs (D:3)
  4 ball pythons
  7 endoplasms
  2 giant cockroaches
  3 goblins
  8 hobgoblins
  3 kobolds
  A quokka (D:2)
  4 bats
  A frilled lizard (D:1)
  4 rats
51 creatures vanquished.

Notes
Turn   | Place    | Note
-------+----------+-------------------------------------------
     0 | D:1      | Biggs the Felid Shapeshifter began the quest for the Orb.
     0 | D:1      | Reached XP level 1. HP: 10/10 MP: 2/2
   130 | D:1      | Reached skill level 3 in Shapeshifting
   231 | D:1      | Reached XP level 2. HP: 14/14 MP: 3/3
   991 | D:2      | Reached XP level 3. HP: 13/18 MP: 4/4
  1537 | D:2      | Reached skill level 4 in Shapeshifting
  1611 | D:2      | Found a white marble altar of Elyvilon.
  1943 | D:3      | Reached XP level 4. HP: 22/22 MP: 5/5
  1943 | D:3      | Gained a life (2 lives remaining)
  2171 | D:3      | Reached XP level 5. HP: 25/25 MP: 6/6
  2215 | D:2      | Reached skill level 5 in Shapeshifting
  2226 | D:3      | Slain by an orc priest
  2226 | D:3      | Lost a life (1 life remaining)
  2304 | D:3      | Killed from afar by an orc priest
  2304 | D:3      | Lost a life (0 lives remaining)
  2305 | D:3      | Quit the game

Illustrated notes

Levels and vault maps discovered:
D:1:      dpeg_arrival_arbitrary_a, layout_basic, kennysheep_crisscross
D:2:      layout_loops_corners, basic_altar, serial_forest,
          infiniplex_forest_fountain, infiniplex_forest_end_2,
          infiniplex_forest_lined_room_2, infiniplex_forest_end_3,
          infiniplex_forest_straight_3, infiniplex_forest_end_2,
          infiniplex_forest_end_1, grunt_decor_mini_mirrors,
          minmay_fractal_squares_5
D:3:      cheibrodos_old_hovel, layout_loops_ring

Skill      XL: |  1  2  3  4  5 |
---------------+----------------+-----
Shapeshifting  | 3 4 5 |  5.2
Fighting       | |  1.0
Dodging        | |  2.6
Unarmed Combat | |  3.0

Action                     |  1- 3 |  4- 6 || total
---------------------------+-------+-------++-------
  Melee: Unarmed           |    74 |    58 ||   132
         Bite              |     6 |     9 ||    15
         Punch             |     1 |     1 ||     2
   Stab: Sleeping          |     3 |       ||     3
 Armour: Skin              |    19 |    21 ||    40
  Dodge: Dodged            |    46 |    36 ||    82

Table legend: (Time is in decaauts)
 A = Elapsed time spent in this place.
 B = Non-inter-level travel time spent in this place.
 C = Inter-level travel time spent in this place.
 D = Time resting spent in this place.
 E = Time spent auto-exploring this place.
 F = Levels seen in this place.
 G = Mean time per level.
                   A        B        C        D        E       F      G
               +--------+--------+--------+--------+--------+-----+--------+
         Total |   2299 |   2265 |     34 |      0 |   1914 |   3 |  766.3 |
       Dungeon |   2299 |   2265 |     34 |      0 |   1914 |   3 |  766.3 |
               +--------+--------+--------+--------+--------+-----+--------+

Top non-repeatable levels by time:
     D:2: 1159 daAuts
     D:1: 780 daAuts
     D:3: 358 daAuts
